 Dungeon Crawl Stone Soup version 0.26-a0-651-gb41185065b (webtiles) character file.

Game seed: 15338846444141859075

14925 Irenicus the Geomancer (level 11, -12/81 HPs)
             Began as a Deep Dwarf Earth Elementalist on Oct 12, 2020.
             Was a High Priest of Makhleb.
             Hit by a large rock thrown by a stone giant (46 damage)
             ... on level 1 of the Orcish Mines.
             The game lasted 00:46:53 (6011 turns).

Irenicus the Geomancer (DDEE)                       Turns: 6011, Time: 00:46:54

Health: -12/81     AC: 13    Str: 11    XL:     11   Next: 95%
Magic:  4/36 (27)  EV: 15    Int: 20    God:    Makhleb [*****.]
Gold:   852        SH:  0    Dex: 13    Spells: 22/35 levels left

rFire    + . .     SeeInvis .   y - +3 falchion
rCold    . . .     Faith    .   (no shield)
rNeg     . . .     Spirit   .   C - +3 ring mail {rF+}
rPois    .         Reflect  .   (no helmet)
rElec    .         Harm     .   e - +1 cloak
rCorr    .         Rampage  .   z - +0 pair of gloves
MR       +....                  k - +0 pair of boots
Stlth    +.........             m - amulet of the acrobat
HPRegen  0.00/turn              p - +4 ring of evasion
MPRegen  0.25/turn              u - ring of magical power {MP+9}

@: non-regenerating
A: damage resistance, heal wounds, sense surroundings 2, no regeneration
a: Heal Wounds, Minor Destruction, Lesser Servant of Makhleb, Major Destruction,
Greater Servant of Makhleb, Renounce Religion


You were on level 1 of the Orcish Mines.
You worshipped Makhleb.
Makhleb was extremely pleased with you.
You visited 2 branches of the dungeon, and saw 12 of its levels.

You collected 852 gold pieces.

Inventory:

Hand Weapons
 a - a +0 vorpal long sword
   (You found it on level 5 of the Dungeon)
 v - a +2 vampiric dagger
   (You took it off an orc wizard on level 6 of the Dungeon)
 y - a +3 falchion (weapon)
   (You took it off a wight on level 10 of the Dungeon)
Missiles
 b - 2 stones (quivered)
Armour
 e - a +1 cloak (worn)
   (You took it off Crazy Yiuf on level 4 of the Dungeon)
 k - a +0 pair of boots (worn)
   (You found it on level 2 of the Dungeon)
 t - a +1 leather armour of magic resistance
   (You took it off an orc on level 5 of the Dungeon)
 z - a +0 pair of gloves (worn)
   (You found it on level 8 of the Dungeon)
 C - a +3 ring mail of fire resistance (worn)
   (You found it on level 10 of the Dungeon)
 E - +0 acid dragon scales
   (You took it off Maggie on level 10 of the Dungeon)
Jewellery
 d - an uncursed ring of ice {rC+, rF-}
   (You found it on level 7 of the Dungeon)
 m - an amulet of the acrobat (around neck)
   (You found it on level 3 of the Dungeon)
 p - a +4 ring of evasion (left hand)
   (You found it on level 4 of the Dungeon)
 u - a ring of magical power (right hand) {MP+9}
   (You found it on level 5 of the Dungeon)
 A - an uncursed ring of protection from fire {rF+, !d}
   (You found it on level 8 of the Dungeon)
Wands
 f - a wand of acid (9)
   (You found it on level 10 of the Dungeon)
 r - a wand of disintegration (1)
   (You found it on level 7 of the Dungeon)
 D - a wand of iceblast (3)
   (You found it on level 10 of the Dungeon)
Scrolls
 c - 4 scrolls of identify
 g - 5 scrolls of remove curse
 j - a scroll of immolation {!r}
 n - 2 scrolls of magic mapping {!r}
 w - 8 scrolls of teleportation
 x - a scroll of fear
 F - a scroll of enchant armour
Potions
 h - a potion of haste
 i - 7 potions of curing
 l - 3 potions of lignification {!q}
 o - 3 potions of flight
 q - a potion of ambrosia
 s - a potion of magic
 B - 2 potions of heal wounds


   Skills:
 - Level 5.0 Armour
 - Level 2.1 Dodging
 - Level 2.4 Stealth
 + Level 12.6 Spellcasting
 - Level 3.0 Translocations
 - Level 0.8 Transmutations
 - Level 14.0 Earth Magic
 + Level 2.3 Evocations


You had 22 spell levels left.
You knew the following spells:

 Your Spells              Type           Power        Failure   Level
a - Sandblast             Erth           ######       1%          1
g - Apportation           Tloc           ###...       3%          1
w - Passwall              Tmut/Erth      #####...     1%          2
x - Stone Arrow           Conj/Erth      #####.       1%          3
z - Lee's Rapid Deconstr  Erth           ######....   1%          5
A - Animate Skeleton      Necr           ##....       12%         1

Your spell library contained the following spells:

 Spells                   Type           Power        Failure   Level
 Petrify                  Tmut/Erth      #####...     5%          4
 Corona                   Hex            ##.....      12%         1
 Summon Small Mammal      Summ           ##..         12%         1
 Call Imp                 Summ           ##......     19%         2
 Call Canine Familiar     Summ           ##......     34%         3
 Summon Guardian Golem    Hex/Summ       ##......     34%         3
 Summon Ice Beast         Ice/Summ       ##......     75%         4
 Summon Lightning Spire   Summ/Air       ##......     75%         4


Dungeon Overview and Level Annotations

Branches:
Dungeon (11/15)            Temple (0/1) D:6            Lair (0/6) D:11
    Orc (1/2) D:10

Altars:
Makhleb
Ru
Trog

Shops:
D:6 }   D:7 !


Innate Abilities, Weirdness & Mutations

You are resistant to damage.
You can heal yourself by infusing magical energy.
You passively map the area around you.
You do not regenerate.


Message History

You hit the orc.
The orc is lightly wounded.
An orc comes into view. It is wielding a +0 war axe.
The orc barely misses you.
The orc knight roars a battlecry!
A stone giant comes into view.
The orc priest calls down the wrath of Beogh upon you.
Beogh smites you! The orc barely misses you.
The stone giant shouts!
You take 8 damage, and have 68/81 hp.
Evoke which item? (* to show all) (? for menu, Esc to quit)
Press: ? - help, Shift-Dir - straight line, f - orc priest
Aim: an orc priest (strong, chance to defeat MR: 71%)
The orc priest is blasted!!
You blow up the orc priest!
Makhleb accepts your kill.
The orc shouts!
The orc priest calls upon Beogh to heal the orc.
The orc's wounds heal themselves!
Okay, then.
Casting: Sandblast (safe; 1% risk of failure)
Confirm with . or Enter, or press ? or * to list all spells.
Aiming: Sandblast (safe; 1% risk of failure)
Press: ? - help, Shift-Dir - straight line, f - orc
Aim: an orc, wielding a +0 dagger (strong)
The blast of sand hits the orc!!
You kill the orc!
Makhleb accepts your kill.
You feel better.
b - 5 stones Something hits you but does no damage.
Evoke which item? (* to show all) (? for menu, Esc to quit)
Okay, then.
Really read
j - 2 scrolls of immolation {!r}?
Really read the scroll of immolation?
As you read the scroll of immolation {!r}, it crumbles to dust.
The creatures around you are filled with an inner flame!
You hear some strange, mumbled words.
A puff of flame appears from out of thin air!
The puff of flame hits you. You resist.
You take 2 damage, and have 67/81 hp.
Casting: Sandblast (safe; 1% risk of failure)
Confirm with . or Enter, or press ? or * to list all spells.
Aiming: Sandblast (safe; 1% risk of failure)
Press: ? - help, Shift-Dir - straight line, f - orc knight
Aim: an orc knight, wielding a +0 great sword and wearing a +0 chain mail (inner flame)
The blast of sand hits the orc knight!
Flame seeps out of the orc knight.
The orc knight is moderately wounded.
b - 4 stones Something hits you.
You take 3 damage, and have 64/81 hp.
You now have 4/36 mp.
Casting: Sandblast (safe; 1% risk of failure)
Confirm with . or Enter, or press ? or * to list all spells.
Press: ? - help, Shift-Dir - straight line, p - orc knight The blast of sand hits something!!
The fiery explosion engulfs the orc knight!!
Flame seeps out of the orc knight.
The orc knight is heavily wounded.
The fiery explosion engulfs you!! You resist. Makhleb accepts your kill.
You feel better.
You feel a bit more experienced.
b - 3 stones You are engulfed in blazing flames.
You resist.
The orc knight is engulfed in blazing flames.
Flame seeps out of the orc knight.
You take 23 damage, and have 41/81 hp.
MASSIVE DAMAGE!!
You now have 3/36 mp.
An orc wizard comes into view. It is wielding a +0 dagger.
The orc knight is engulfed in blazing flames.
Flame seeps out of the orc knight.
You closely miss the orc knight.
The orc knight is severely wounded.
The orc knight is engulfed in blazing flames.
Flame seeps out of the orc knight.
The orc knight hits you with a +0 great sword!!
* * * LOW HITPOINT WARNING * * *
The orc wizard points at you and mumbles some strange words.
The puff of flame hits you. You resist.
* * * LOW HITPOINT WARNING * * *
You take 24 damage, and have 17/81 hp.
MASSIVE DAMAGE!!
The stone giant throws a large rock.
The large rock completely misses you.
The orc knight is engulfed in blazing flames.
The orc knight explodes!
Makhleb accepts your kill.
You feel better.
Your Evocations skill increases to level 2!
You regained 17 hp, and now have 34/81 hp.
The orc wizard completely misses you.
Casting: Sandblast (safe; 1% risk of failure)
Confirm with . or Enter, or press ? or * to list all spells.
Aiming: Sandblast (safe; 1% risk of failure)
Press: ? - help, Shift-Dir - straight line, f - orc wizard
Aim: an orc wizard, wielding a +0 dagger and wearing a +0 robe The blast of sand hits the orc wizard!
The orc wizard is severely wounded.
b - 2 stones The orc no longer looks unusually strong.
The stone giant is engulfed in blazing flames.
The stone giant throws a large rock.
The large rock hits you!!!
Ouch! That really hurt!
You die...

##...o.. >.
......# ......##
.)...##.....#.## *
#)).#..#...#...##
*
#.).............#
##..............#
#....o.#......###
##)..o###o....(.##
###.o##§§@......#
#..oo§C§....#...
#....#o§..#...#,*
* ##.###...###.##
, ##* ##.## ## **
###


You could see a stone giant, an orc priest (strong), an orc wizard and 2 orcs.

Vanquished Creatures
  Josephine (Orc:1)
  A hydra (D:11)
  An unseen horror (D:10)
  Pikel (D:6)
  3 orc sorcerers (Orc:1)
  An orc knight (Orc:1)
  A wolf spider (D:10)
  A gargoyle (D:10)
  Maggie (D:10)
  6 trolls
  Prince Ribbit (D:6)
  4 hippogriffs
  Sigmund (D:3)
  6 wraiths
  A yak (D:11)
  A vampire (D:9)
  2 wargs (Orc:1)
  A water moccasin (D:10)
  6 porcupines (D:11)
  2 ice beasts
  2 sky beasts (D:10)
  9 orc warriors
  A phantom (D:5)
  2 black bears (D:11)
  A necrophage (D:8)
  8 ogres
  3 centaurs
  2 big kobolds
  10 bullfrogs
  2 gnoll sergeants
  A scorpion (D:4)
  A water moccasin skeleton (D:10)
  4 howler monkeys
  A wight (D:10)
  3 centaur skeletons
  11 orc priests
  Crazy Yiuf (D:4)
  7 hounds
  3 jellies
  A bullfrog skeleton (D:6)
  3 iguanas
  Terence (D:2)
  15 orc wizards
  4 worker ants
  2 hound zombies
  2 howler monkey zombies
  12 gnolls
  16 adders
  2 shadow imps
  2 white imps
  An ufetubus (D:5)
  3 adder skeletons
  2 adder zombies
  2 worms
  3 dart slugs
  8 leopard geckos
  46 orcs
  2 ball pythons
  3 giant cockroaches
  5 goblins
  5 hobgoblins
  4 jackals (D:5)
  3 quokkas
  8 bats
  8 frilled lizards
  A jackal skeleton (D:4)
  A jackal zombie (D:6)
  4 kobolds
  A leopard gecko skeleton (D:4)
  A quokka skeleton (D:4)
  10 rats
295 creatures vanquished.

Vanquished Creatures (others)
  An orc (D:9)
  57 fungi (D:11)
  53 plants
111 creatures vanquished.

Grand Total: 406 creatures vanquished

Notes
Turn   | Place    | Note
-------+----------+-------------------------------------------
     0 | D:1      | Irenicus the Deep Dwarf Earth Elementalist began the quest
                  | for the Orb.
     0 | D:1      | Reached XP level 1. HP: 15/15 MP: 3/3
   113 | D:1      | Reached XP level 2. HP: 22/22 MP: 1/4
   215 | D:1      | Reached skill level 5 in Earth Magic
   240 | D:1      | Learned a level 2 spell: Passwall
   624 | D:2      | Reached XP level 3. HP: 28/28 MP: 2/5
   661 | D:2      | Noticed Terence
   675 | D:2      | Killed Terence
   675 | D:2      | Reached skill level 6 in Earth Magic
   721 | D:2      | Reached XP level 4. HP: 33/36 MP: 1/6
   925 | D:3      | Found a sacrificial altar of Ru.
   935 | D:3      | Reached skill level 7 in Earth Magic
  1054 | D:3      | Reached XP level 5. HP: 26/42 MP: 0/7
  1187 | D:3      | Reached skill level 8 in Earth Magic
  1223 | D:3      | Noticed Sigmund
  1231 | D:3      | Killed Sigmund
  1231 | D:3      | Reached skill level 9 in Earth Magic
  1231 | D:3      | Reached XP level 6. HP: 16/49 MP: 0/8
  1369 | D:3      | Found a burning altar of Makhleb.
  1369 | D:3      | Noticed a blizzard demon
  1372 | D:3      | Noticed a smoke demon
  1372 | D:3      | Noticed a hellwing
  1374 | D:3      | Became a worshipper of Makhleb the Destroyer
  1492 | D:4      | Reached skill level 10 in Earth Magic
  1653 | D:4      | Found a runed translucent door.
  1654 | D:4      | Noticed Crazy Yiuf
  1660 | D:4      | Killed Crazy Yiuf
  1660 | D:4      | Reached XP level 7. HP: 39/55 MP: 4/9
  1901 | D:5      | Entered Level 5 of the Dungeon
  1919 | D:5      | Learned a level 3 spell: Stone Arrow
  2102 | D:5      | Reached * piety under Makhleb
  2110 | D:5      | Reached skill level 11 in Earth Magic
  2266 | D:5      | HP: 12/55 [ufetubus (2)]
  2355 | D:5      | HP: 11/55 [phantom (7)]
  2356 | D:5      | Reached skill level 12 in Earth Magic
  2472 | D:5      | Reached XP level 8. HP: 37/62 MP: 4/10
  2737 | D:6      | Found a staircase to the Ecumenical Temple.
  2786 | D:6      | Found Ihonkuot's Gadget Boutique.
  3078 | D:6      | Reached ** piety under Makhleb
  3078 | D:6      | Reached skill level 13 in Earth Magic
  3105 | D:6      | Noticed Pikel
  3112 | D:6      | Killed Pikel
  3112 | D:6      | Reached skill level 3 in Spellcasting
  3161 | D:6      | Noticed Prince Ribbit
  3166 | D:6      | Killed Prince Ribbit
  3219 | D:7      | Reached skill level 4 in Spellcasting
  3219 | D:7      | Reached skill level 14 in Earth Magic
  3241 | D:7      | Gained mutation: You passively map the area around you.
                  | [Deep Dwarf growth]
  3241 | D:7      | Reached XP level 9. HP: 68/68 MP: 15/15
  3260 | D:7      | Noticed a troll
  3263 | D:7      | Killed a troll
  3272 | D:7      | Learned a level 5 spell: Lee's Rapid Deconstruction
  3324 | D:7      | Reached skill level 5 in Spellcasting
  3340 | D:7      | Found Minost's Distillery.
  3484 | D:8      | Reached skill level 6 in Spellcasting
  3578 | D:8      | Found a bloodstained altar of Trog.
  3578 | D:8      | Noticed a moth of wrath
  3756 | D:8      | Reached *** piety under Makhleb
  3760 | D:8      | Reached skill level 7 in Spellcasting
  4193 | D:9      | Reached skill level 8 in Spellcasting
  4401 | D:9      | Reached XP level 10. HP: 56/75 MP: 22/22
  4500 | D:10     | Entered Level 10 of the Dungeon
  4586 | D:10     | Reached skill level 9 in Spellcasting
  4706 | D:10     | Noticed Maggie
  4713 | D:10     | Killed Maggie
  4845 | D:10     | Found a staircase to the Orcish Mines.
  4913 | D:11     | Noticed a six-headed hydra
  4920 | D:11     | Killed a six-headed hydra
  4920 | D:11     | Reached skill level 10 in Spellcasting
  4937 | D:11     | Learned a level 1 spell: Apportation
  5023 | D:11     | Reached **** piety under Makhleb
  5023 | D:11     | Reached skill level 1 in Translocations
  5043 | D:11     | Reached skill level 2 in Translocations
  5059 | D:11     | Reached skill level 3 in Translocations
  5140 | D:11     | Found a staircase to the Lair.
  5144 | D:11     | Reached skill level 1 in Armour
  5207 | D:11     | Reached XP level 11. HP: 81/81 MP: 8/25
  5225 | D:11     | Reached skill level 2 in Armour
  5544 | D:10     | Noticed a wolf spider
  5550 | D:10     | Reached skill level 3 in Armour
  5551 | D:10     | Killed a wolf spider
  5551 | D:10     | Reached skill level 11 in Spellcasting
  5557 | D:10     | Killed an unseen horror
  5557 | D:10     | Reached skill level 4 in Armour
  5756 | Orc:1    | Entered Level 1 of the Orcish Mines
  5785 | Orc:1    | Noticed an orc sorcerer
  5791 | Orc:1    | Killed an orc sorcerer
  5791 | Orc:1    | Reached skill level 5 in Armour
  5814 | Orc:1    | Reached ***** piety under Makhleb
  5823 | Orc:1    | Noticed Josephine
  5843 | Orc:1    | Killed Josephine
  5868 | Orc:1    | Reached skill level 12 in Spellcasting
  5870 | Orc:1    | HP: 19/81 [ogre/+0 giant club (12)]
  5887 | Orc:1    | Noticed an orc warlord
  5889 | Orc:1    | Noticed an orc sorcerer
  5892 | Orc:1    | HP: 20/81 [ogre/+0 giant spiked club (5)]
  5898 | Orc:1    | Killed an orc sorcerer
  5938 | Orc:1    | Learned a level 1 spell: Animate Skeleton
  5949 | Orc:1    | Noticed an orc sorcerer
  5958 | Orc:1    | Killed an orc sorcerer
  5991 | Orc:1    | Noticed an orc knight
  5991 | Orc:1    | Reached skill level 1 in Evocations
  5998 | Orc:1    | Noticed a stone giant
  6008 | Orc:1    | HP: 19/81 [orc knight/+0 great sword (22)]
  6009 | Orc:1    | Killed an orc knight
  6009 | Orc:1    | Reached skill level 2 in Evocations
  6011 | Orc:1    | Hit by a large rock thrown by a stone giant

Illustrated notes

Levels and vault maps discovered:
D:1:      heliophobic_arrival_battle_scene, layout_loops_ring,
          serial_bayou_lagoon_a
D:2:      layout_basic, uniq_terence
D:3:      layout_basic, makhleb_altar_promises_db, nicolae_ru_path_of_blood,
          uniq_sigmund
D:4:      layout_loops_ring, minmay_three_crescents, uniq_crazy_yiuf_cottage
D:5:      layout_basic, minmay_holes
D:6:      layout_gridville, temple_doors_e, serial_shops, shop, uniq_pikel,
          uniq_prince_ribbit1
D:7:      layout_basic, serial_shops, nicolae_shop_behind_doors
D:8:      layout_loops_corners, tgw_trog
D:9:      layout_long_grid
D:10:     layout_loops_ring, orc_0_dummy, minmay_misc_feat_hallway,
          nzn_random_ring, uniq_maggie
D:11:     layout_roguey, due_lair_maze_entry_diamond
Orc:1:    layout_caves, uniq_josephine

Skill      XL: |  1  2  3  4  5  6  7  8  9 10 11 |
---------------+----------------------------------+-----
Earth Magic    | 5 6 7 9 10 12 14 | 14.0
Spellcasting   | 4 8 10 12 | 12.6
Translocations | 3 |  3.0
Armour         | 1 5 |  5.0
Evocations     | 2 |  2.3
Dodging        | |  2.1
Stealth        | |  2.4
Transmutations | |  0.8

Action                   |  1- 3 |  4- 6 |  7- 9 | 10-12 || total
-------------------------+-------+-------+-------+-------++-------
Melee: Dagger            |    28 |    25 |       |       ||    53
       Long sword        |       |       |    44 |    19 ||    63
       Quarterstaff      |       |       |     7 |       ||     7
       Falchion          |       |       |       |     3 ||     3
 Cast: Sandblast         |    29 |    65 |   127 |   127 ||   348
       Passwall          |     6 |     2 |    38 |    14 ||    60
       Stone Arrow       |       |       |    33 |    56 ||    89
       Lee's Rapid Decon |       |       |     3 |    13 ||    16
       Apportation       |       |       |       |    11 ||    11
       Animate Skeleton  |       |       |       |     1 ||     1
Invok: Minor Destruction |       |       |       |     1 ||     1
Evoke: Wand              |       |       |       |    21 ||    21
  Use: Scroll            |       |     1 |    16 |     7 ||    24
       Potion            |       |     1 |     1 |     1 ||     3
 Stab: Sleeping          |     1 |       |     2 |     1 ||     4
       Distracted        |       |       |     1 |       ||     1
Armor: Leather armour    |    15 |    15 |    19 |     2 ||    51
       Robe              |     1 |       |       |       ||     1
       Acid dragon scale |       |       |       |    34 ||    34
       Ring mail         |       |       |       |    13 ||    13
Dodge: Dodged            |    32 |    37 |   104 |   126 ||   299
       Rpst.: Long sword |       |       |    15 |    17 ||    32
       Falchion          |       |       |       |     6 ||     6

Table legend: (Time is in decaauts)
 A = Elapsed time spent in this place.
 B = Non-inter-level travel time spent in this place.
 C = Inter-level travel time spent in this place.
 D = Time resting spent in this place.
 E = Time spent auto-exploring this place.
 F = Levels seen in this place.
 G = Mean time per level.
                   A        B        C        D        E       F      G
               +--------+--------+--------+--------+--------+-----+--------+
         Total |   6073 |   6061 |     12 |      0 |      0 |  12 |  506.1 |
       Dungeon |   5790 |   5778 |     12 |      0 |      0 |  11 |  526.4 |
  Orcish Mines |    283 |    283 |      0 |      0 |      0 |   1 |  283.0 |
               +--------+--------+--------+--------+--------+-----+--------+

Top non-repeatable levels by time:
     D:5: 798 daAuts
    D:10: 686 daAuts
    D:11: 581 daAuts
     D:8: 579 daAuts
     D:6: 519 daAuts
     D:3: 509 daAuts
     D:1: 492 daAuts
     D:4: 470 daAuts
     D:9: 449 daAuts
     D:2: 438 daAuts
   Orc:1: 283 daAuts
     D:7: 265 daAuts

Table legend:
 A = Kills in this place as a percentage of kills in entire the game.
 B = Kills by you in this place as a percentage of kills by you in the entire game.
 C = Kills by friends in this place as a percentage of kills by friends in the entire game.
 D = Other kills in this place as a percentage of other kills in the entire game.
 E = Experience gained in this place as a percentage of experience gained in the entire game.
 F = Experience gained in this place divided by the number of levels of this place that you have seen.
                   A       B       C       D       E      F
               +-------+-------+-------+-------+-------+----------------------
         Total | 100.0 | 100.0 |   N/A |   N/A | 100.0 | 1776.8
       Dungeon |  85.8 |  85.8 |   N/A |   N/A |  67.6 | 1309.7
  Orcish Mines |  14.2 |  14.2 |   N/A |   N/A |  32.4 | 6915.0
               +-------+-------+-------+-------+-------+----------------------
